 Dungeon Crawl Stone Soup version bcrawl-1.35.4c (webtiles) character file.

Game seed: 4755133303572534951

127006 SneedManIsMyWife the Chopper (level 4, -11/29 HPs)
             Began as a Skeleton Fighter on Feb 7, 2022.
             Mangled by an orc
             ... wielding a +0 war axe of electrocution
              (18 damage)
             ... on level 3 of the Dungeon.
             The game lasted 00:01:43 (1930 turns).

SneedManIsMyWife the Chopper (Skeleton Fighter)     Turns: 1930, Time: 00:01:44

Health: -11/29     AC:  9    Str: 24      XL:     4   Next: 26%
Magic:  0/4        EV:  4    Int:  6      God:
Gold:   165        SH:  9    Dex:  7 (8)  Spells: 3/3 levels left

rFire    . . .     SeeInvis .   a - +0 war axe
rCold    + . .     Gourm    .   c - +0 medium shield
rNeg     + + +     Faith    .   j - +0 chain mail
rPois    ∞         Spirit   +   (no helmet)
rElec    .         Reflect  .   (no cloak)
rCorr    .                      (no gloves)
MR       .....                  (no boots)
Stlth    ..........             (no amulet)
HPRegen  0.09/turn              (no ring)
MPRegen  0.09/turn              (no ring)

@: no status effects
A: no food or potions, cold resistance 1, deterioration 1, negative energy
resistance 3, torment resistance, unbreathing, magic shield, sturdy frame 1,
spell healing
a: no special abilities


You were on level 3 of the Dungeon.
You were not hungry.

You visited 1 branch of the dungeon, and saw 3 of its levels.

You collected 165 gold pieces.

Inventory:

Hand Weapons
 a - a +0 war axe (weapon)
Missiles
 f - 168 poisoned tomahawks (quivered)
Armour
 b - a +0 scale mail
 c - a +0 medium shield (worn)
 i - a +0 cloak
   (You found it on level 2 of the Dungeon)
 j - a +0 chain mail (worn)
   (You found it on level 2 of the Dungeon)
Jewellery
 e - an uncursed amulet of faith {unknown}
   (You found it on level 1 of the Dungeon)
 h - an uncursed amulet of magic regeneration {unknown}
   (You found it on level 2 of the Dungeon)
Scrolls
 d - a scroll of enchant weapon {unknown}
 g - a scroll of fear {unknown}
 r - 2 scrolls of identify


   Skills:
 + Level 3.8 Fighting
 * Level 4.7 Axes
 - Level 3.2 Armour
 - Level 3.6 Shields


You had 3 spell levels left.
You didn't know any spells.
Your spell library was empty.

Dungeon Overview and Level Annotations

Branches:
Dungeon (3/12)

Altars:
Fedhas
Nemelex Xobeh


Innate Abilities, Weirdness & Mutations

You do not eat or drink.
You are immune to poison.
Your flesh is cold resistant. (rC+)
Your body sometimes deteriorates upon taking damage.
You are immune to negative energy. (rN+++)
You are immune to unholy pain and torment.
You can survive without breathing.
When hurt, damage is shared between your health and your magic reserves.
Your movements are slightly less encumbered by armour. (ER -2)
Casting spells heals you.


Message History

You block the adder's attack. x2
You miss the adder.
The adder is lightly wounded.
You block the adder's attack.
You miss the adder.
The adder is lightly wounded.
The adder bites you. The adder bites you but does no damage.
Your shield and chain mail prevent you from hitting the adder.
The adder is lightly wounded.
The adder bites you but does no damage. You block the adder's attack.
You closely miss the adder.
The adder is lightly wounded.
The adder barely misses you.
Your shield prevents you from hitting the adder.
The adder is lightly wounded.
The adder bites you but does no damage. x2
You barely miss the adder. The adder bites you. You block the adder's attack.
You miss the adder. You block the adder's attack.
The adder bites you but does no damage.
You slash the adder!
The adder is severely wounded.
You block the adder's attack.
You closely miss the adder.
The adder is severely wounded.
You block the adder's attack. The adder bites you.
You slash the adder!
You kill the adder!
No target in view!
No target in view!
No target in view!
Magic restored.
You see here 177 stones.
An orc comes into view. It is wielding a +0 hand axe.
The orc shouts!
An orc is nearby!
An orc comes into view. It is wielding a +0 whip.
The orc shouts!
You hear a shout!
An orc comes into view.
It is wielding a +0 war axe of electrocution.
You see here a lajatang.
The orc hits you but does no damage.
You closely miss the orc. You block the orc's attack.
You hit the orc.
The orc is moderately wounded.
The orc hits you but does no damage.
Your shield and chain mail prevent you from hitting the orc.
The orc is lightly wounded.
You block the orc's attack.
Your shield and chain mail prevent you from hitting the orc.
The orc is lightly wounded.
The orc hits you but does no damage. The orc hits you with a +0 hand axe.
You barely miss the orc.
The orc is lightly wounded.
The orc hits you but does no damage.
You closely miss the orc.
The orc is lightly wounded.
The orc hits you but does no damage.
You hit the orc.
The orc is moderately wounded.
The orc hits you but does no damage.
You closely miss the orc.
The orc is moderately wounded.
The orc hits you with a +0 hand axe.
Your shield prevents you from hitting the orc.
The orc is moderately wounded.
The orc barely misses you. The orc hits you but does no damage.
You closely miss the orc.
The orc is moderately wounded.
The orc hits you but does no damage.
You closely miss the orc.
The orc is moderately wounded.
You block the orc's attack.
Your shield and chain mail prevent you from hitting the orc.
The orc is moderately wounded.
The orc hits you but does no damage.
You closely miss the orc.
The orc is moderately wounded.
The orc hits you with a +0 hand axe.
You hit the orc.
The orc is heavily wounded.
The orc hits you but does no damage. The orc hits you with a +0 hand axe.
You hit the orc.
You kill the orc!
You slash the orc!
You kill the orc!
You barely miss the orc.
The orc hits you with a +0 war axe of electrocution.
You closely miss the orc.
The orc hits you with a +0 war axe of electrocution.
Your shield and chain mail prevent you from hitting the orc.
The orc hits you but does no damage.
You are electrocuted!
* * * LOW HITPOINT WARNING * * *
Your body deteriorates!
You feel clumsy.
You aren't carrying any items that you can evoke.
You hit the orc.
The orc is severely wounded.
You block the orc's attack. The orc hits you but does no damage.
You are electrocuted!!
Ouch! That really hurt!
You die...

###################
..................#
..####..########.##
........# #.#
#.####..# #.#
#.####..# #)#
....##..# #@#
....##..# #o#
._......# #.#
....##.## #.#
....##.# #.#
#.####.# #.#
#.####.# #.#
...(...# #.#
....####


You could see an orc.

Vanquished Creatures
  An adder (D:3)
  An adder skeleton (D:2)
  3 worms
  3 dart slugs
  3 leopard geckos
  2 orcs (D:3)
  6 bats
  2 giant cockroaches (D:1)
  3 goblins
  9 hobgoblins
  2 jackals (D:2)
  2 frilled lizards
  7 kobolds
  7 rats
51 creatures vanquished.

Notes
Turn   | Place    | Note
-------+----------+-------------------------------------------
     0 | D:1      | SneedManIsMyWife the Skeleton Fighter began the quest for
                  | the Orb.
     0 | D:1      | Reached XP level 1. HP: 14/14 MP: 1/1
   152 | D:1      | Reached skill level 3 in Axes
   161 | D:1      | Reached XP level 2. HP: 15/19 MP: 2/2
   593 | D:1      | Reached XP level 3. HP: 15/23 MP: 3/3
   975 | D:1      | Reached skill level 4 in Axes
  1264 | D:2      | Found a blossoming altar of Fedhas.
  1481 | D:2      | Found a faded altar of an unknown god.
  1555 | D:2      | Reached XP level 4. HP: 28/29 MP: 4/4
  1822 | D:3      | Found a sparkling altar of Nemelex Xobeh.
  1930 | D:3      | Mangled by an orc

Skill      XL: |  1  2  3 |
---------------+----------+-----
Axes           | 3 4 |  4.7
Fighting       | |  3.8
Armour         | |  3.2
Shields        | |  3.6

Action                   |  1- 3 |  4- 6 || total
-------------------------+-------+-------++-------
Melee: War axe           |   137 |    42 ||   179
Armor: Scale mail        |    61 |       ||    61
       Chain mail        |       |    19 ||    19
Dodge: Dodged            |    38 |     4 ||    42
Block: Medium shield     |    80 |    19 ||    99

Levels and vault maps discovered:
D:1:      nzn_arrival_settlement, layout_basic
D:2:      kennysheep_big_flooded_room, layout_rooms, lemuel_crystal_altar,
          chequers_ecumenical_altar_lobes, first_ration, minivault_11,
          doesnt_xom_only_xom
D:3:      layout_basic, nicolae_overflow_crystal_walls, lemuel_round_altar

Table legend:
 A = Turns spent in this place as a percentage of turns spent in the entire game.
 B = Non-inter-level travel turns spent in this place as a percentage of non-inter-level travel turns spent in the entire game.
 C = Inter-level travel turns spent in this place as a percentage of turns spent in this place.
 D = Turns resting spent in this place as a percentage of non-inter-level travel turns spent in this place.
 E = Turns spent auto-exploring this place as a percentage of non-inter-level travel turns spent in this place.
 F = Non-inter-level travel turns spent in this place divided by the number of levels of this place that you've seen.
                   A       B       C       D       E      F
               +-------+-------+-------+-------+-------+----------------------
         Total | 100.0 | 100.0 |   3.4 |   0.0 |  82.6 | 621.3
       Dungeon | 100.0 | 100.0 |   3.4 |   0.0 |  82.6 | 621.3
               +-------+-------+-------+-------+-------+----------------------

Table legend:
 A = Kills in this place as a percentage of kills in entire the game.
 B = Kills by you in this place as a percentage of kills by you in the entire game.
 C = Kills by friends in this place as a percentage of kills by friends in the entire game.
 D = Other kills in this place as a percentage of other kills in the entire game.
 E = Experience gained in this place as a percentage of experience gained in the entire game.
 F = Experience gained in this place divided by the number of levels of this place that you have seen.
                   A       B       C       D       E      F
               +-------+-------+-------+-------+-------+----------------------
         Total | 100.0 | 100.0 |   N/A |   N/A | 100.0 |  41.0
       Dungeon | 100.0 | 100.0 |   N/A |   N/A | 100.0 |  41.0
               +-------+-------+-------+-------+-------+----------------------
